 Dungeon Crawl Stone Soup version 0.31.0-9-g3a7656b989 (webtiles) character file.

Game seed: 13403368426331435610

161 qw the Shooter (level 4, -1/36 HPs)
             Began as a Demigod Hunter on Feb 2, 2024.
             Slain by Duvessa
             ... wielding a +0 short sword
              (6 damage)
             ... on level 4 of the Dungeon.
             The game lasted 00:00:07 (2668 turns).

qw the Shooter (Demigod Hunter)                     Turns: 2668, Time: 00:00:08

Health: -1/36      AC:  3    Str: 12    XL:     4   Next: 98%
Magic:  6/6        EV: 17    Int: 11    God:
Gold:   119        SH:  0    Dex: 21    Spells: 3/3 levels left

rFire   . . .        a - +2 shortbow
rCold   . . .        (shield currently unavailable)
rNeg    . . .        c - +0 leather armour
rPois   .            (no helmet)
rElec   .            (no cloak)
rCorr   .            (no gloves)
SInv    .            (no boots)
Will    +....        (no amulet)
Stlth   ++           f - +5 ring of evasion
HPRegen 0.26/turn    h - ring of willpower
MPRegen 0.10/turn

%: no passive effects
@: hasted, very quick
A: high MP 1, forlorn, divine attributes
a: no special abilities


You were on level 4 of the Dungeon.
You visited 1 branch of the dungeon, and saw 4 of its levels.

You collected 119 gold pieces.


Innate Abilities, Weirdness & Mutations

You have an increased reservoir of magic. (+10% MP)
You shall have no god before yourself.
Your divine heritage dramatically boosts your attributes as you level up.


   Skills:
 - Level 2.0 Fighting
 + Level 5.8 Ranged Weapons
 - Level 2.0 Dodging
 - Level 0.8 Stealth


You had 3 spell levels left.
You didn't know any spells.
Your spell library was empty.

Inventory:

Hand Weapons
 a - a +2 shortbow (weapon)
Armour
 c - a +0 leather armour (worn)
Jewellery
 f - a +5 ring of evasion (left hand)
 h - a ring of willpower (right hand)
Wands
 i - a wand of iceblast (8)
 k - a wand of polymorph (7)
Scrolls
 b - 3 scrolls of enchant armour {unknown}
Potions
 d - a potion of haste
 e - a potion of experience {unknown}
 g - a potion of invisibility {unknown}
 j - a potion of curing {unknown}

Dungeon Overview and Level Annotations

Branches:
Dungeon (4/15)
 Temple: D:4-7

Shops:
D:3 :

Annotations:
D:3 1 runed translucent door, qw's ghost, amateur DEHu
D:4 Dowan; Duvessa


Message History

You shoot an arrow. The arrow hits Duvessa.
Duvessa is moderately wounded.
A kobold comes into view.
It is wielding a +0 whip and quivering poisoned darts.
Dowan points at Duvessa and mumbles some strange words.
Duvessa seems to speed up.
2660 ||| ZAPPING wand of iceblast (9) at -2,-1 (Duvessa; floor).
Aiming: Iceblast
Press: ? - help, Q - select action, (/) - cycle Shift-Dir - straight line, f/p - Duvessa The mass of ice explodes!
The iceblast engulfs Duvessa!
Duvessa is heavily wounded.
The kobold shouts!
You hear a shout! x2
You shoot an arrow.
The arrow hits Duvessa but does no damage.
Duvessa is heavily wounded.
Duvessa closely misses you.
You shoot an arrow. The arrow hits Duvessa.
Duvessa is heavily wounded.
Duvessa barely misses you.
Dowan says, "My weaknesses are her strengths!"
You shoot an arrow. The arrow closely misses Duvessa.
Duvessa hits you with a +0 short sword!
You shoot an arrow. The arrow hits Duvessa.
Duvessa is severely wounded.
Duvessa hits you with a +0 short sword.
You shoot an arrow. The arrow closely misses Duvessa.
Duvessa roars, "You can run, but you cannot escape us forever!"
Duvessa hits you with a +0 short sword! Dowan casts a spell at you.
The puff of flame hits you.
You shoot an arrow.
The arrow hits Duvessa but does no damage.
Duvessa is severely wounded.
Duvessa completely misses you.
You shoot an arrow. The arrow barely misses Duvessa.
Duvessa hits you with a +0 short sword.
You shoot an arrow. The arrow hits Duvessa.
Duvessa is severely wounded.
Duvessa hits you with a +0 short sword.
You die...

..... ... ..... ..... ..
#..... ..... .. ......
..... .##...... #.....
.. ..#....... #.....
....###......#.## #.....
.....Kee........###.....
#######@.........#....##
.................#.....#
##....#..........#.....#
#.:...+..........#.....#
#.... #.................
#.... #.................
.... #.................
..#. #.##.......#......
..#.#.#.................


You could see Duvessa (fast), Dowan and a kobold.

Vanquished Creatures
  A hound (D:4)
  Jessica (D:3)
  A gnoll (D:1)
  5 adders
  2 dart slugs (D:2)
  9 ball pythons
  2 endoplasms (D:1)
  2 giant cockroaches
  4 goblins
  5 hobgoblins
  2 jackals (D:1)
  2 quokkas
  9 bats
  3 kobolds
  4 rats
52 creatures vanquished.

Notes
Turn   | Place    | Note
-------+----------+-------------------------------------------
     0 | D:1      | qw the Demigod Hunter began the quest for the Orb.
     0 | D:1      | Reached XP level 1. HP: 17/17 MP: 3/3
     0 | D:1      | 0 ||| qw: Version: 0.3-a-155-g5e7d8dd
     0 | D:1      | 0 ||| qw: Game counter: 440
     0 | D:1      | 0 ||| qw: Melee chars always use a shield: true
     0 | D:1      | 0 ||| qw: God list: Okawaru
     0 | D:1      | 0 ||| qw: Allow faded altars: false
     0 | D:1      | 0 ||| qw: Do Orc after clearing Dungeon:15 true
     0 | D:1      | 0 ||| qw: Do second Lair branch before Depths: true
     0 | D:1      | 0 ||| qw: Lair rune preference: random
     0 | D:1      | 0 ||| qw: Goals: Normal
     0 | D:1      | 0 ||| PLANNING D:1-11
   130 | D:1      | Reached skill level 4 in Ranged Weapons
   245 | D:1      | Reached XP level 2. HP: 16/24 MP: 4/4
   649 | D:1      | Reached XP level 3. HP: 29/29 MP: 5/5
   997 | D:1      | 997 ||| UPGRADING to +5 ring of evasion.
   998 | D:1      | 998 ||| UPGRADING to ring of willpower.
   999 | D:1      | 999 ||| READING scroll labelled EMMEDDAANU.
  1000 | D:1      | 1000 ||| READING scroll labelled HUGURROAWK.
  1101 | D:1      | 1101 ||| DROPPING scroll of butterflies.
  1903 | D:2      | 1903 ||| READING 2 scrolls labelled WUPULYM LUDONE.
  1903 | D:2      | 1903 ||| ENCHANTING +0 shortbow.
  1904 | D:2      | 1904 ||| READING scroll of enchant weapon.
  1904 | D:2      | 1904 ||| ENCHANTING +1 shortbow.
  1905 | D:2      | 1905 ||| DRINKING 2 sedimented silvery potions.
  2035 | D:3      | Found Mizof's Book Boutique.
  2042 | D:3      | Noticed qw's ghost (amateur DEHu)
  2060 | D:3      | Found a runed translucent door.
  2119 | D:3      | Reached skill level 5 in Ranged Weapons
  2144 | D:3      | Noticed Jessica
  2152 | D:3      | Killed Jessica
  2153 | D:3      | Reached XP level 4. HP: 36/36 MP: 6/6
  2438 | D:3      | 2438 ||| READING scroll labelled JOIMUZ ZEAMU.
  2486 | D:3      | 2486 ||| READING scroll labelled RISUEJ DOXZICS.
  2487 | D:3      | 2487 ||| READING scroll labelled QOKHLA EPOEFOECW.
  2654 | D:4      | Noticed Duvessa
  2655 | D:4      | 2655 ||| DRINKING 2 potions of haste.
  2655 | D:4      | Noticed Dowan
  2660 | D:4      | 2660 ||| ZAPPING wand of iceblast (9) at -2,-1 (Duvessa;
                  | floor).
  2665 | D:4      | HP: 8/36 [Dowan/puff of flame (6)]
  2668 | D:4      | Slain by Duvessa

Levels and vault maps discovered:
D:1:      dpeg_arrival_rhombi, layout_basic, minmay_misc_feat_iff
D:2:      layout_basic, basic_altar
D:3:      layout_rooms, mainiacjoe_overflow_catwalk, serial_shops, shop,
          hellmonk_ghost_happy_afterlife, kennysheep_cluttered_room,
          minmay_misc_feat_square, uniq_jessica
D:4:      layout_basic, uniq_duvessa

Skill      XL: |  1  2  3 |
---------------+----------+-----
Ranged Weapons | 4 5 |  5.8
Fighting       | 2 |  2.0
Dodging        | 2 |  2.0
Stealth        | |  0.8

Action                     |  1- 3 |  4- 6 || total
---------------------------+-------+-------++-------
   Fire: Shortbow          |   113 |    52 ||   165
  Evoke: Wand              |       |     1 ||     1
    Use: Scroll            |     4 |     3 ||     7
         Potion            |     1 |     1 ||     2
 Armour: Leather armour    |    39 |    11 ||    50
  Dodge: Dodged            |    40 |    23 ||    63

Table legend:
 A = Non-vault XP
 B = Vault XP
 C = Vault XP percentage of total XP
 D = Non-vault monster count
 E = Vault monster count
 F = Vault count percentage of total count
                 A         B        C        D         E       F
            +---------+---------+-------+---------+---------+-------
      Total |     194 |      37 |  16.0 |      51 |       1 |   1.9
            +---------+---------+-------+---------+---------+-------
        D:1 |      50 |       0 |   0.0 |      23 |       0 |   0.0
        D:2 |      35 |       0 |   0.0 |      12 |       0 |   0.0
        D:3 |      33 |      37 |  52.9 |       7 |       1 |  12.5
        D:4 |      76 |       0 |   0.0 |       9 |       0 |   0.0
            +---------+---------+-------+---------+---------+-------
